AoeStats
← -Luxo-

Arena

506171999Analyzed
1v1 RM · 21d ago on Sep 12, 2026· 51m 42s· 2 players
Game mode
Random Map
Map size
Tiny (2 player)
Population
200
Speed
Normal
Resources
Standard
Victory
Conquest
Starting age
Dark Age
Ending age
Imperial Age
RankedLock teamsTeams togetherTeam positionsShared explorationLock speedFull tech treeHidden civsTurbo modeCheats
Victory
Defeat
🇪🇸 Huns · Spain
950
+15
🇩🇪 Teutons · Germany
935
-15
-Luxo-
9:04 Loom
12:34 Feudal Age
14:20 Wheelbarrow
13:28 Horse Collar
13:35 Double-Bit Axe
19:59 Castle Age
18:11 Stone Mining
18:36 Gold Mining
20:54 Bow Saw
20:46 Heavy Plow
25:33 Stone Shaft Mining
25:21 Town Watch
26:46 Hand Cart
26:26 Elite Skirmisher
28:34 Fletching
30:26 Ballistics
31:08 Pikeman
31:49 Squires
31:59 Bodkin Arrow
33:48 Ironclad
38:11 Imperial Age
37:50 Town Patrol
39:33 Conscription
39:38 Crenellations
39:03 Capped Ram
42:36 Masonry
42:14 Elite Teutonic Knight
44:56 Scale Mail Armor
45:06 Forging
48:05 Two-Man Saw
47:37 Crop Rotation
48:40 Chemistry
48:25 Iron Casting
48:40 Chain Mail Armor
47:58 Halberdier
mbf2210
11:47 Feudal Age
10:12 Loom
15:43 Castle Age
14:04 Double-Bit Axe
22:58 Bow Saw
28:34 Fletching
31:31 Imperial Age
29:54 Wheelbarrow
29:32 Gold Mining
31:06 Bodkin Arrow
31:23 Town Watch
32:52 Ballistics
33:32 Chemistry
33:36 Bracer
33:50 Masonry
34:30 Gold Shaft Mining
36:48 Bloodlines
36:38 Husbandry
38:50 Conscription
41:24 Murder Holes
41:56 Cavalier
48:36 Thumb Ring
49:01 Scale Barding Armor
49:06 Forging
48:58 Padded Archer Armor
49:52 Elite Skirmisher
Connection lost

Rejoining the realm…

Still unreachable

The connection could not be restored.

Session expired

The server has moved on; the page needs a fresh start.